Map: Nightscape LE

Players

Nostromo

  • Race: Terran Terran
  • League: Platinum
  • Spawn Location: 7:00

AcidForBlood

  • Race: Protoss Protoss
  • League: Platinum
  • Spawn Location: 7:00

Massa - Winner!

  • Race: Terran Terran
  • League: Platinum
  • Spawn Location: 1:00

qqq - Winner!

  • Race: Zerg Zerg
  • Spawn Location: 1:00

VOD

Have the link to the VOD?

Description

Time

  • Played on: Nov. 10, 2020, 2:44 p.m.
  • Length: 13:25
Show
View Real Time Build Order
Export as new Build Order

Nostromo Terran 

Build Orders: 2 Factory, Mech 

Get SALT Encoding   

  12  0:01  SCV  
  13  0:13  SCV  
  14  0:18  Supply Depot  
  14  0:26  Refinery  
  14  0:27  SCV  
  15  0:43  Barracks  
  15  0:46  SCV  
  16  0:58  SCV  
  16  1:29  SCV  
  17  1:41  SCV  
  17  1:45  Marine  
  19  1:47  Supply Depot  
  19  1:53  Orbital Command  
  19  2:15  Factory  
  19  2:20  Barracks Reactor  
  19  2:22  Command Center  
  19  2:36  SCV  
  20  3:10  Refinery, Hellion  
  20  3:11  Hellion  
  24  3:19  Barracks Tech Lab  
  24  3:22  SCV, Factory  
  25  3:34  SCV, Hellion  
  26  3:35  Hellion  
  30  3:46  SCV  
  31  3:58  SCV  
  34  4:35  Widow Mine x2  
  34  4:38  Factory  
  34  4:40  Siege Tank  
  34  4:42  Orbital Command  
  34  4:43  SCV  
  38  4:53  Engineering Bay  
  38  4:55  SCV  
  38  4:58  Refinery  
  39  5:07  SCV  
  39  5:08  SCV  
  39  5:12  Siege Tank  
  44  5:22  Factory Tech Lab, Missile Turret  
  44  5:25  Armory  
  44  5:31  Missile Turret  
  44  5:32  SCV  
  44  5:33  SCV  
  41  6:00  SCV x2  
  43  6:04  Command Center  
  43  6:07  Siege Tank  
  46  6:12  Supply Depot  
  46  6:14  Supply Depot  
  46  6:22  Missile Turret  
  46  6:26  SCV  
  46  6:33  SCV, Siege Tank  
  46  6:38  SCV  
  51  6:45  SCV  
  51  6:46  Command Center  
  52  6:50  SCV  
  53  6:56  Refinery  
  53  6:58  SCV, Sensor Tower  
  57  7:02  SCV  
  62  7:12  Starport  
  62  7:20  SCV  
  62  7:21  Thor, Missile Turret  
  62  7:36  Missile Turret  
  62  7:57  Thor  
  62  7:58  SCV x2  
  70  8:04  Hellion  
  72  8:21  Thor  
  72  8:22  Supply Depot x2  
  72  8:25  Starport Reactor, Missile Turret  
  72  8:26  SCV  
  79  8:31  Factory  
  79  8:32  Terran Vehicle Weapons Level 1  
  79  8:51  SCV x2  
  79  8:52  SCV  
  82  9:06  Siege Tank  
  85  9:11  Planetary Fortress  
  85  9:16  Missile Turret  
  85  9:28  Siege Tank  
  85  9:29  Hellbat  
  85  9:30  Hellbat  
  85  9:31  Factory Tech Lab  
  92  9:37  Viking x2  
  93  10:12  Siege Tank  
  93  10:13  Siege Tank  
  65  10:38  Siege Tank  
  68  10:44  Siege Tank  
  71  10:59  Command Center  
  71  11:14  Command Center  
  71  12:03  Barracks Reactor  
  40  12:21  Siege Tank x2  
  34  12:42  Orbital Command  
Show
View Real Time Build Order
Export as new Build Order

AcidForBlood Protoss 

Build Orders: Oracle Opening, Phoenix Opening 

Get SALT Encoding   

  12  0:00  Probe  
  13  0:17  Pylon  
  13  0:28  Probe  
  14  0:41  Probe (Chrono Boost)  
  15  0:48  Gateway  
  16  0:50  Probe (Chrono Boost)  
  16  0:52  Assimilator  
  16  0:55  Probe (Chrono Boost)  
  16  1:00  Pylon  
  17  1:16  Probe  
  18  1:26  Assimilator  
  18  1:29  Probe  
  19  1:41  Probe, Zealot  
  19  1:46  Cybernetics Core  
  22  1:53  Probe  
  23  2:10  Pylon  
  23  2:22  Nexus  
  23  2:24  Assimilator  
  23  2:30  Stargate  
  23  2:44  Stalker  
  25  3:11  Oracle (Chrono Boost)  
  28  3:22  Assimilator  
  28  3:25  Probe  
  29  3:27  Assimilator  
  29  3:33  Pylon  
  29  3:36  Pylon  
  29  3:38  Probe (Chrono Boost)  
  31  3:42  Probe (Chrono Boost)  
  31  3:43  Phoenix  
  31  3:47  Probe (Chrono Boost)  
  34  3:52  Probe x2 (Chrono Boost)  
  36  4:01  Stargate  
  36  4:04  Probe  
  37  4:16  Probe  
  38  4:28  Probe (Chrono Boost)  
  39  4:37  Phoenix  
  41  4:40  Probe (Chrono Boost)  
  42  4:46  Probe (Chrono Boost)  
  43  4:55  Probe  
  41  5:07  Probe  
  41  5:13  Probe  
  43  5:15  Phoenix x2  
  43  5:18  Pylon  
  43  5:19  Probe  
  48  5:25  Probe  
  48  5:27  Pylon  
  49  5:31  Probe  
  49  5:33  Forge  
  50  5:37  Probe, Pylon  
  51  5:43  Probe  
  51  5:47  Stalker  
  54  5:55  Probe  
  55  6:03  Pylon  
  55  6:07  Probe  
  55  6:08  Photon Cannon  
  55  6:09  Shield Battery  
  56  6:12  Photon Cannon  
  56  6:19  Probe  
  57  6:31  Probe  
  58  6:35  Phoenix, Stargate  
  58  6:36  Phoenix  
  62  6:41  Fleet Beacon  
  62  6:43  Pylon  
  62  6:44  Probe  
  63  6:54  Photon Cannon  
  63  6:56  Probe  
  63  6:57  Shield Battery  
  64  7:02  Gateway  
  64  7:04  Gateway  
  64  7:08  Probe  
  65  7:26  Probe  
  66  7:33  Nexus  
  66  7:37  Pylon  
  64  8:02  Protoss Shields Level 1 (Chrono Boost), Phoenix x3  
  70  8:10  Anion Pulse-Crystals  
  70  8:13  Probe  
  70  8:15  Protoss Air Weapons Level 1 (Chrono Boost)  
  71  8:22  Photon Cannon  
  71  8:25  Probe x2  
  71  8:26  Phoenix  
  75  8:29  Stargate  
  75  8:31  Nexus  
  75  8:35  Pylon x2  
  75  8:37  Probe x2  
  75  8:40  Pylon  
  77  8:43  Assimilator  
  77  8:47  Assimilator  
  77  8:49  Probe  
  77  8:50  Probe  
  65  9:25  Phoenix x3  
  71  9:36  Photon Cannon  
  71  9:38  Shield Battery  
  71  9:41  Pylon  
  71  9:45  Phoenix  
  71  9:46  Photon Cannon  
  71  9:50  Phoenix x3  
  79  10:00  Protoss Air Armor Level 1 (Chrono Boost)  
  79  10:10  Tempest  
  84  10:14  Tempest  
  84  10:15  Tempest  
  84  10:37  Phoenix  
  84  10:53  Phoenix  
  86  10:59  Photon Cannon  
  86  11:01  Shield Battery  
  86  11:05  Phoenix x3  
  92  11:15  Twilight Council  
  92  11:19  Stargate  
  92  11:20  Pylon  
  92  11:22  Pylon  
  92  11:41  Probe  
  93  11:50  Phoenix x2  
  93  11:51  Phoenix x2  
  93  11:53  Probe  
Show
View Real Time Build Order
Export as new Build Order

Massa Terran - Winner!

Build Orders: Reaper Expand 

Get SALT Encoding   

  12  0:00  SCV  
  13  0:12  SCV  
  14  0:24  SCV, Supply Depot  
  15  0:39  Refinery  
  15  0:46  SCV  
  15  0:49  Barracks  
  16  0:58  SCV  
  17  1:10  SCV  
  18  1:22  SCV  
  19  1:35  Orbital Command  
  19  1:37  Reaper  
  20  1:45  Command Center  
  20  1:56  Supply Depot  
  20  2:02  SCV  
  21  2:09  Marine  
  21  2:13  Factory  
  22  2:22  SCV  
  23  2:23  Supply Depot  
  23  2:34  SCV  
  24  2:58  Hellion, Marine  
  26  3:02  Orbital Command, Barracks  
  27  3:06  Barracks  
  27  3:12  Supply Depot  
  27  3:16  Marine  
  27  3:18  SCV  
  31  3:24  Factory Tech Lab  
  29  3:28  SCV  
  29  3:30  SCV  
  31  3:35  Starport  
  31  3:43  Engineering Bay  
  31  3:44  Refinery  
  31  3:47  Cyclone  
  31  3:48  Barracks Reactor  
  34  3:52  SCV x2  
  36  3:56  Barracks Tech Lab  
  36  4:04  Refinery, SCV x2  
  37  4:34  Cyclone  
  37  4:35  Marauder  
  37  4:37  Marine x3  
  45  4:52  Missile Turret  
  45  4:55  Marine x3  
  45  4:56  Marauder  
  50  5:05  Medivac  
  53  5:07  SCV x2  
  53  5:13  Missile Turret  
  54  5:20  Barracks Reactor, Missile Turret  
  54  5:22  Marauder, Marine x2  
  54  5:24  SCV x2  
  60  5:36  SCV x2  
  60  5:38  Stimpack  
  62  5:47  Missile Turret  
  62  5:48  Supply Depot  
  62  5:49  Supply Depot  
  62  5:54  Command Center  
  62  6:01  Supply Depot  
  62  6:09  Liberator, Marine x3, SCV x2  
  67  6:36  Siege Tank  
  67  6:37  Marauder  
  67  6:38  Marine x4  
  76  6:55  Marine  
  76  6:58  SCV x2  
  76  6:59  Marauder  
  81  7:01  Starport Reactor  
  81  7:03  Terran Infantry Weapons Level 1  
  81  7:08  Cyclone  
  84  7:10  SCV x2  
  83  7:20  Marauder  
  83  7:22  SCV x2  
  87  7:56  Marauder  
  87  7:57  Marine  
  87  7:58  Cyclone  
  93  8:16  Viking x2  
  93  8:18  Marauder  
  93  8:19  Orbital Command  
  99  8:21  SCV x2  
  101  8:27  Combat Shield  
  101  8:32  Refinery  
  101  8:40  Refinery x2  
  101  8:42  Supply Depot  
  101  8:43  Supply Depot x2  
  101  8:49  SCV  
  101  8:51  Armory, Viking  
  101  8:55  SCV  
  101  8:56  Marauder  
  101  8:57  Terran Infantry Armor Level 1  
  101  9:01  SCV  
  101  9:02  Marine  
  101  9:03  Cyclone, Marine x3  
  101  9:06  Supply Depot  
  101  9:07  SCV, Supply Depot  
  101  9:08  Supply Depot  
  108  9:17  Marauder  
  110  9:30  Supply Depot x2  
  110  9:31  Missile Turret  
  110  9:32  Supply Depot  
  110  9:39  Marauder  
  110  9:40  Barracks  
  110  9:41  Barracks  
  110  9:43  Medivac x2  
  110  9:44  Barracks  
  116  9:47  Barracks  
  116  9:48  Barracks  
  116  9:52  Missile Turret  
  116  9:54  Supply Depot  
  104  10:00  Marauder  
  106  10:13  Medivac x2, Missile Turret  
  98  10:22  Marauder  
  88  10:33  Missile Turret  
  88  10:34  Marine x4  
  75  10:35  Siege Tank  
  75  10:36  Factory  
  75  10:43  Marauder  
  75  10:45  Medivac  
  79  10:51  SCV x3  
  82  11:03  SCV x3  
  85  11:04  Marauder  
  85  11:05  Barracks Tech Lab x2  
  85  11:06  Barracks Reactor x2  
  85  11:07  Marine x3, Siege Tank  
  85  11:08  Marine  
  94  11:15  SCV x3  
  97  11:24  Command Center  
  97  11:25  Marine x3  
  98  11:26  Engineering Bay, Marauder, Marine  
  98  11:27  SCV x3  
  98  11:30  Sensor Tower  
  98  11:32  Command Center  
  106  11:39  SCV  
  110  11:40  Siege Tank  
  110  11:43  Marine  
  110  11:45  Factory Tech Lab  
  111  11:47  Marauder x2, Marine x4  
  111  11:48  Marauder, Marine x3  
  124  12:01  Marine  
  125  12:05  Marine  
  126  12:09  Marauder x2  
  126  12:12  Siege Tank  
  112  12:28  Marine  
  112  12:29  Marauder, Marine x4  
  119  12:30  Marauder x2  
  119  12:31  Marine x3  
  119  12:33  Concussive Shells  
  126  12:50  Marauder  
  129  12:51  Marauder  
Show
View Real Time Build Order
Export as new Build Order

qqq Zerg - Winner!

Build Orders: Hatch First 

Get SALT Encoding   

  12  0:00  Drone  
  13  0:08  Drone  
  14  0:37  Hatchery  
  13  0:44  Overlord  
  13  0:47  Drone  
  14  1:06  Spawning Pool  
  13  1:23  Drone, Overlord  
  13  1:24  Extractor  
  13  1:25  Drone  
  14  1:41  Drone  
  15  1:53  Queen  
  17  1:55  Drone  
  17  2:08  Drone x2  
  17  2:12  Drone x2  
  17  2:13  Drone  
  22  2:19  Zergling x2  
  23  2:29  Queen  
  23  2:36  Metabolic Boost  
  25  2:43  Drone x2  
  27  2:48  Drone  
  27  2:50  Drone  
  29  2:55  Zergling x2  
  29  2:56  Zergling x2  
  31  3:06  Lair  
  31  3:09  Drone  
  31  3:10  Drone  
  31  3:11  Drone  
  34  3:19  Overlord  
  34  3:23  Drone  
  34  3:24  Drone  
  34  3:26  Overlord  
  36  3:27  Extractor  
  35  3:39  Drone x2  
  35  3:41  Drone x2  
  39  3:47  Drone, Spore Crawler  
  39  3:51  Drone  
  40  4:04  Spore Crawler  
  35  4:27  Drone, Zergling x6  
  35  4:28  Drone x2, Zergling x2, Spire  
  35  4:29  Zergling x6  
  44  4:35  Extractor  
  44  4:36  Extractor  
  42  4:51  Hatchery  
  41  5:00  Drone x5  
  46  5:10  Drone x3  
  49  5:24  Drone x2  
  49  5:25  Overlord x2  
  51  5:34  Drone  
  52  5:41  Mutalisk  
  46  5:50  Mutalisk  
  46  5:51  Mutalisk  
  46  5:56  Corruptor, Zerg Flyer Weapons Level 1  
  48  5:57  Corruptor  
  52  6:07  Queen  
  52  6:08  Drone  
  55  6:23  Drone  
  55  6:24  Drone x2  
  58  6:27  Overlord  
  58  6:28  Mutalisk x2  
  62  6:35  Drone  
  62  6:37  Mutalisk, Infestation Pit  
  62  6:38  Hatchery  
  63  6:43  Corruptor  
  63  6:45  Drone  
  63  6:46  Drone  
  67  6:56  Drone x5  
  67  6:58  Drone  
  73  7:05  Corruptor  
  75  7:21  Overlord x3  
  75  7:22  Overlord  
  75  7:24  Overlord  
  75  7:34  Spore Crawler  
  74  7:51  Hatchery  
  65  8:02  Mutalisk x2, Corruptor  
  65  8:04  Drone x7  
  65  8:05  Drone x2  
  80  8:07  Extractor  
  80  8:08  Queen  
  81  8:14  Hive  
  81  8:18  Evolution Chamber  
  80  8:20  Drone x3, Evolution Chamber  
  80  8:25  Zerg Flyer Armor Level 1  
  82  8:28  Queen  
  82  8:32  Drone x3  
  87  8:34  Overlord x2  
  87  8:37  Corruptor  
  89  8:41  Corruptor  
  85  9:00  Spore Crawler  
  82  9:25  Drone x2  
  82  9:26  Drone x6  
  82  9:27  Drone, Corruptor x3  
  82  9:28  Mutalisk x4  
  105  9:31  Zerg Melee Weapons Level 1  
  105  9:32  Zerg Ground Armor Level 1  
  105  9:40  Drone x3  
  105  9:41  Hydralisk Den  
  105  9:43  Ultralisk Cavern  
  106  9:54  Spine Crawler  
  106  9:55  Spine Crawler  
  106  9:57  Spine Crawler  
  106  9:59  Viper  
  98  10:01  Corruptor x2  
  98  10:03  Zergling x12  
  98  10:05  Drone  
  108  10:07  Drone x2  
  110  10:16  Drone x3  
  101  10:45  Ultralisk x3  
  101  10:46  Zergling x8  
  101  10:47  Drone x3  
  101  10:49  Drone  
  125  10:54  Anabolic Synthesis  
  125  11:08  Hatchery  
  125  11:09  Spore Crawler  
  123  11:11  Spine Crawler  
  123  11:12  Drone x3  
  123  11:13  Drone, Spine Crawler  
  125  11:23  Ultralisk  
  125  11:24  Hydralisk  
  133  11:26  Drone  
  133  11:27  Drone  
  135  11:37  Chitinous Plating  
  135  11:45  Drone  
  135  11:46  Overlord x3  
  135  11:47  Overlord x2  
  120  12:25  Zergling x2, Ultralisk x2  
  120  12:26  Zergling x6  
  120  12:27  Drone x6  
  142  12:36  Ultralisk  
  137  12:55  Hydralisk x3  
  137  12:57  Drone x4  
Tags
 
Add a new tag
Caveats
  • Supply blocks, unpowered buildings, or Contaminate may cause inaccurate times.
  • Supply counts are checked every 10 seconds.